[Event "Titled Tuesday Blitz March 01 Late 2022"]
[White "Jaskolka, Tomasz"]
[Black "Kim, Sergey"]
[WhiteFideId "1170791"]
[BlackFideId "13700570"]
[WhiteElo "2054"]
[BlackElo "2614"]
[Result "1/2-1/2"]
[Round "05"]
[TimeControl "180+1"]
[Date "2022.03.02"]
[WhiteClock "0:00:06"]
[BlackClock "0:00:33"]

1. d4 Nf6 2. Bf4 g6 3. Nc3 d6 4. e4 c6 5. Qd2 b5 6. f3 b4 7. Nd1 a5 8. Bd3 Nbd7 9. Ne2 e5 10. Be3 h5 11. Nf2 Bg7 12. O-O O-O 13. a3 Rb8 14. axb4 axb4 15. Bc4 c5 16. dxc5 dxc5 17. Rfd1 Qc7 18. Qd6 Qxd6 19. Rxd6 Nb6 20. Rxb6 Rxb6 21. Bxc5 Rc6 22. Bxf8 Rxc4 23. Bxg7 Kxg7 24. c3 bxc3 25. bxc3 Be6 26. Nd3 Nd7 27. Kf2 Kf6 28. Ke3 Rc6 29. Nb4 Rd6 30. g3 Nb6 31. f4 Nc4+ 32. Kf2 Rd2 33. Ra6 Kg7 34. Rc6 Bg4 35. Rxc4 Rxe2+ 36. Kg1 h4 37. Nd3 h3 38. Nxe5 Rg2+ 39. Kf1 Be2+ 40. Ke1 Bxc4 41. Nxc4 Rxh2 42. Ne3 Rh1+ 43. Kf2 Rc1 44. Nf1 Rxc3 45. g4 Rc1 46. Nh2 Rc3 47. e5 g5 48. f5 Rc5 49. Nf3 Rc2+ 50. Kg3 Rc3 51. Kf2 Rc2+ 52. Kg3 Rc3 53. Kf2 Rc5 54. Kg3 Rc3 1/2-1/2


[Site "https://www.chess.com"]

[Event "Titled Tuesday Blitz March 01 Late 2022"]
[White "Jones, Gawain C B"]
[Black "Aukhatov, Roman"]
[WhiteFideId "409561"]
[BlackFideId "44150768"]
[WhiteElo "2657"]
[BlackElo "2112"]
[Result "0-1"]
[Round "05"]
[TimeControl "180+1"]
[Date "2022.03.01"]
[WhiteClock "0:00:05"]
[BlackClock "0:01:04"]

1. Nf3 Nf6 2. g3 d5 3. Bg2 b5 4. a4 b4 5. d4 Bb7 6. Nbd2 e6 7. Nb3 Nbd7 8. Na5 Ba6 9. Nc6 Qc8 10. Bd2 Qb7 11. Nce5 c5 12. O-O Be7 13. c3 cxd4 14. cxd4 O-O 15. Rc1 Rac8 16. Rxc8 Rxc8 17. Bg5 h6 18. Nxd7 Qxd7 19. Ne5 Qc7 20. Bf4 Qc2 21. Nd3 Bxd3 22. Qxd3 Qxd3 23. exd3 Rc2 24. Rc1 Rxc1+ 25. Bxc1 Nd7 26. Bd2 a5 27. f4 Nb6 28. b3 f5 29. Kf2 Kf7 30. Ke3 Nc8 31. Bf3 Na7 32. g4 g6 33. gxf5 gxf5 34. Bh5+ Kf8 35. Kf2 Nc6 36. Be3 Bf6 37. Kg3 Bxd4 38. Bc1 Nd8 39. Bd1 Nb7 40. Kh4 Nc5 41. Bc2 Kg7 42. Kh5 Bf2 43. Bb2+ d4 44. Bd1 Nd7 45. Bxd4+ Bxd4 46. Kh4 Nc5 47. Bc2 Kg6 48. Kg3 Kf6 49. Kf3 e5 50. Kg3 Be3 51. fxe5+ Kxe5 52. d4+ Bxd4 53. Kf3 Bc3 54. h3 Bd2 55. Ke2 Bg5 56. Kf3 Kd4 57. Bxf5 Nxb3 58. Kg4 Nc5 59. h4 Bc1 60. Kf3 Nxa4 61. Ke2 Nc3+ 0-1


[Site "https://www.chess.com"]

[Event "Titled Tuesday Blitz March 01 Late 2022"]
[White "Kaasen, Tor Fredrik"]
[Black "Dobre, Claudiu-Cristian"]
[WhiteFideId "1516647"]
[BlackFideId "1211854"]
[WhiteElo "2335"]
[BlackElo "2207"]
[Result "1/2-1/2"]
[Round "05"]
[TimeControl "180+1"]
[Date "2022.03.02"]
[WhiteClock "0:00:07"]
[BlackClock "0:00:05"]

1. d4 d5 2. c4 c6 3. Nf3 Nf6 4. e3 Bg4 5. h3 Bxf3 6. Qxf3 e6 7. Nc3 Nbd7 8. Bd3 Bd6 9. O-O O-O 10. e4 dxc4 11. Bxc4 e5 12. Be3 exd4 13. Bxd4 Ne5 14. Qe2 Nxc4 15. Qxc4 Qc7 16. Rad1 Nh5 17. Rfe1 Rfe8 18. Bc5 Bxc5 19. Qxc5 Re5 20. Qd4 Nf4 21. Qd7 Re7 22. Qxc7 Rxc7 23. Kh2 Re7 24. g3 Ng6 25. f4 f6 26. Kg2 Rae8 27. Kf3 Nf8 28. Rd6 Nd7 29. b4 Nb6 30. Rd4 Ra8 31. Red1 Kf7 32. a4 a5 33. b5 Rc8 34. Rd8 Rxd8 35. Rxd8 Rc7 36. Rb8 Nc4 37. bxc6 bxc6 38. Ra8 Rd7 39. Ne2 Rd3+ 40. Kf2 c5 41. Rc8 Nd2 42. e5 fxe5 43. fxe5 Ne4+ 44. Kg2 Ra3 45. Nf4 Rxg3+ 46. Kh2 Rf3 47. Rc7+ Ke8 48. Ne6 Re3 49. Nxg7+ Kf8 50. Ne6+ Ke8 51. Rxh7 Nd2 52. Nc7+ Kd8 53. e6 c4 54. h4 c3 55. e7+ Rxe7 56. Rxe7 Kxe7 57. Nd5+ Kd6 58. Nxc3 Kc5 59. h5 Nc4 60. h6 Ne5 61. h7 Nf7 62. Kg3 Kb4 63. Ne4 Kxa4 64. Nd6 Nh8 65. Kg4 Kb4 66. Kg5 a4 67. Nf5 a3 68. Nd4 Kc4 69. Nc2 a2 70. Kf6 Kc3 71. Na1 Kb2 72. Kg7 Kxa1 73. Kxh8 Kb1 74. Kg8 a1=Q 75. h8=Q Qa8+ 76. Kg7 Qxh8+ 77. Kxh8 1/2-1/2


[Site "https://www.chess.com"]

[Event "Titled Tuesday Blitz March 01 Late 2022"]
[White "Kamsky, Gata"]
[Black "Arabidze, Meri"]
[WhiteFideId "2000024"]
[BlackFideId "13604040"]
[WhiteElo "2645"]
[BlackElo "2329"]
[Result "1-0"]
[Round "05"]
[TimeControl "180+1"]
[Date "2022.03.01"]
[WhiteClock "0:00:52"]
[BlackClock "0:00:05"]

1. e4 c5 2. Nf3 e6 3. g3 Nc6 4. Bg2 Nf6 5. d3 d6 6. O-O Be7 7. c3 O-O 8. Re1 Bd7 9. d4 cxd4 10. cxd4 d5 11. e5 Ne4 12. Nbd2 Nxd2 13. Bxd2 Rc8 14. h4 Qb6 15. Bc3 Bb4 16. Qd3 Bxc3 17. bxc3 h6 18. Rab1 Qa6 19. Qxa6 bxa6 20. Bf1 Na5 21. Rec1 Rc6 22. Nd2 Rfc8 23. Nb3 Nxb3 24. Rxb3 a5 25. Bb5 R6c7 26. Bxd7 Rxd7 27. Kf1 Rdc7 28. Ra3 a4 29. Rxa4 Rxc3 30. Rxc3 Rxc3 31. Ke2 Rc7 32. h5 f6 33. Kd3 Kf7 34. Ra6 fxe5 35. dxe5 Rb7 36. f4 Ke7 37. g4 Kf7 38. f5 exf5 39. gxf5 Kf8 40. Kd4 Rb2 41. Kxd5 Rh2 42. Rxa7 Rxh5 43. Ke6 Kg8 44. f6 gxf6 45. exf6 Rh2 46. Ra8+ Kh7 47. f7 Re2+ 48. Kd5 1-0


[Site "https://www.chess.com"]

[Event "Titled Tuesday Blitz March 01 Late 2022"]
[White "Kanyamarala, Tarun"]
[Black "Boyer, Mahel"]
[WhiteFideId "45004714"]
[BlackFideId "45102422"]
[WhiteElo "2144"]
[BlackElo "2328"]
[Result "0-1"]
[Round "05"]
[TimeControl "180+1"]
[Date "2022.03.01"]
[WhiteClock "0:00:02"]
[BlackClock "0:00:04"]

1. d4 d6 2. e4 e5 3. Nf3 Qe7 4. Nc3 c6 5. h3 Nf6 6. Bd3 h6 7. Be3 Nbd7 8. Qd2 a6 9. a4 b6 10. O-O g6 11. Qe2 Bb7 12. Nd2 Nh5 13. dxe5 dxe5 14. Nc4 b5 15. Na5 Ndf6 16. axb5 axb5 17. Nxb5 Nf4 18. Bxf4 exf4 19. e5 cxb5 20. Bxb5+ Kd8 21. Rfd1+ Kc7 22. Qc4+ Qc5 23. Qxf7+ Qe7 24. Qc4+ Qc5 25. Qxf4 Nd5 26. Qf7+ Qe7 27. Qf3 Rxa5 28. Rxa5 Qc5 29. Qb3 Nb6 30. Ra7 Kb8 31. Rda1 Be7 32. Rxb7+ Kxb7 33. Ba6+ Kc7 34. Bd3 Rf8 35. Ra7+ Kb8 36. Ra1 Qxf2+ 37. Kh1 Qc5 38. Qe6 Bd8 39. Qb3 Bc7 40. Re1 Re8 41. e6 Qd6 42. Qb5 Qh2# 0-1


[Site "https://www.chess.com"]

[Event "Titled Tuesday Blitz March 01 Late 2022"]
[White "Kanyamarala, Trisha"]
[Black "Ashiev, Eduard"]
[WhiteFideId "45004722"]
[BlackFideId "4130090"]
[WhiteElo "2002"]
[BlackElo "2004"]
[Result "1-0"]
[Round "05"]
[TimeControl "180+1"]
[Date "2022.03.02"]
[WhiteClock "0:00:53"]
[BlackClock "0:00:02"]

1. d4 d6 2. c4 e5 3. Nc3 exd4 4. Qxd4 Nc6 5. Qd2 Nf6 6. Nf3 Be6 7. e4 g6 8. Be2 Bg7 9. O-O O-O 10. b3 Nxe4 11. Nxe4 Bxa1 12. Bb2 Bxb2 13. Qxb2 f6 14. b4 Ne5 15. Qc3 Qe7 16. Nd4 Bd7 17. f4 Nc6 18. Bf3 Rae8 19. Nc2 Bf5 20. Re1 Bxe4 21. Bxe4 Qxe4 22. Rxe4 Rxe4 23. b5 Nd8 24. Nb4 c6 25. Qd3 Re6 26. a4 Rfe8 27. h3 Kg7 28. f5 gxf5 29. Qxf5 h6 30. Nd3 Nf7 31. Nf4 Re1+ 32. Kh2 Ne5 33. Nh5+ Kf8 34. Nxf6 1-0


[Site "https://www.chess.com"]

[Event "Titled Tuesday Blitz March 01 Late 2022"]
[White "Kaplan, Ebru"]
[Black "Balint, Vilmos"]
[WhiteFideId "6315194"]
[BlackFideId "718050"]
[WhiteElo "1941"]
[BlackElo "2059"]
[Result "0-1"]
[Round "05"]
[TimeControl "180+1"]
[Date "2022.03.02"]
[WhiteClock "0:00:01"]
[BlackClock "0:00:24"]

1. e4 c5 2. Nf3 Nc6 3. Bb5 d6 4. O-O Bd7 5. Re1 a6 6. Bf1 g6 7. c3 Bg7 8. d4 cxd4 9. cxd4 Rc8 10. Nc3 b5 11. d5 Na5 12. e5 dxe5 13. Nxe5 Nf6 14. d6 e6 15. Bg5 h6 16. Bh4 g5 17. Bg3 O-O 18. h4 Nc4 19. Qc1 Nxe5 20. Bxe5 gxh4 21. Qf4 Nh5 22. Qg4 Qg5 23. Qd4 h3 24. g3 f6 25. Bf4 Nxf4 26. Qxf4 Qxf4 27. gxf4 e5 28. Nd5 Rc2 29. Rac1 Rxb2 30. Rc7 Be6 31. Ne7+ Kh7 32. f5 h2+ 33. Kh1 Bf7 34. d7 Rd2 35. Bg2 Rd8 36. Bc6 Bh5 37. Rc8 R8xd7 38. Bxd7 Rxd7 39. Kxh2 Rxe7 40. Rec1 Bg4 41. R1c7 Rxc7 42. Rxc7 Bxf5 43. Ra7 Bd3 44. Rxa6 Kg6 45. Kg2 Kg5 46. Kf3 e4+ 47. Ke3 f5 48. Ra5 Bf8 49. a4 Bc5+ 50. Kd2 Bxf2 0-1


[Site "https://www.chess.com"]

[Event "Titled Tuesday Blitz March 01 Late 2022"]
[White "Kevlishvili, Robby"]
[Black "Demidov, Mikhail"]
[WhiteFideId "1040634"]
[BlackFideId "4197143"]
[WhiteElo "2584"]
[BlackElo "2525"]
[Result "1/2-1/2"]
[Round "05"]
[TimeControl "180+1"]
[Date "2022.03.01"]
[WhiteClock "0:00:16"]
[BlackClock "0:00:29"]

1. e4 Nf6 2. e5 Nd5 3. d4 d6 4. Nf3 Nb6 5. a4 a5 6. h3 g6 7. Nc3 Bg7 8. Bb5+ c6 9. Bd3 Na6 10. O-O dxe5 11. dxe5 Nb4 12. Qe2 Nxd3 13. cxd3 O-O 14. d4 Be6 15. Re1 Bc4 16. Qc2 Nd5 17. Ne4 b5 18. Bd2 Nb4 19. Bxb4 axb4 20. axb5 cxb5 21. Nc5 Bd5 22. Nh2 Qc7 23. Ng4 b3 24. Qd2 Ra2 25. Ne3 Qc6 26. Nxd5 Qxd5 27. Qc3 Rc8 28. Rad1 e6 29. Rd3 Bf8 30. Qxb3 Bxc5 31. Qxd5 exd5 32. Rc1 Rxb2 33. dxc5 b4 34. Rxd5 b3 35. Rd3 Kf8 36. c6 Ke7 37. g3 Ke6 38. Rc5 Rc2 39. Rxc2 bxc2 40. Rc3 Kxe5 41. Rxc2 Kd6 42. Kg2 Rxc6 43. Rxc6+ Kxc6 44. Kf3 Kd5 45. Kf4 h6 46. h4 1/2-1/2


[Site "https://www.chess.com"]

[Event "Titled Tuesday Blitz March 01 Late 2022"]
[White "Kollars, Dmitrij"]
[Black "Rorrer, Grayson"]
[WhiteFideId "12909572"]
[BlackFideId "30944996"]
[WhiteElo "2584"]
[BlackElo "2122"]
[Result "1-0"]
[Round "05"]
[TimeControl "180+1"]
[Date "2022.03.01"]
[WhiteClock "0:00:12"]
[BlackClock "0:00:01"]

1. d4 Nf6 2. c4 e6 3. Nf3 Bb4+ 4. Bd2 Qe7 5. g3 Nc6 6. Nc3 Bxc3 7. Bxc3 Ne4 8. Qc2 Nxc3 9. Qxc3 Qb4 10. Qxb4 Nxb4 11. Kd2 b6 12. Bg2 Bb7 13. a3 Nc6 14. Kc3 d6 15. b4 Ke7 16. e3 a5 17. Nd2 Ra7 18. b5 Nb8 19. Bxb7 Rxb7 20. a4 Nd7 21. Nb3 e5 22. Rac1 Rc8 23. Kd3 c5 24. bxc6 Rxc6 25. Nd2 f5 26. Rb1 Rbc7 27. Rb5 g6 28. h4 e4+ 29. Kc3 Kf7 30. h5 Kg7 31. hxg6 hxg6 32. g4 fxg4 33. Rg1 Nf6 34. Rgb1 Nd7 35. Nxe4 Rxc4+ 36. Kd3 Rxa4 37. Nxd6 Ra3+ 38. R5b3 Rxb3+ 39. Rxb3 Rc6 40. Nc4 Rf6 41. Ke2 Kf7 42. Rb5 Ke7 43. e4 Rc6 44. Kd3 Rf6 45. Ke2 Rf4 46. Ke3 Rf3+ 47. Ke2 Rf4 48. Nd2 Kd8 49. Ke3 Rf6 50. e5 Re6 51. Nc4 Kc7 52. d5 Re8 53. Kd4 a4 54. e6 Nc5 55. d6+ Kc6 56. Rxb6# 1-0


[Site "https://www.chess.com"]

[Event "Titled Tuesday Blitz March 01 Late 2022"]
[White "Kosakowski, Jakub"]
[Black "Villegas, Pierre"]
[WhiteFideId "1185080"]
[BlackFideId "654183"]
[WhiteElo "2476"]
[BlackElo "2410"]
[Result "0-1"]
[Round "05"]
[TimeControl "180+1"]
[Date "2022.03.01"]
[WhiteClock "0:00:17"]
[BlackClock "0:00:32"]

1. e4 c6 2. d4 d5 3. e5 a6 4. Bd3 c5 5. dxc5 e6 6. Qg4 Qc7 7. Nf3 Nd7 8. Bf4 Nxc5 9. O-O Ne7 10. Nbd2 Ng6 11. Bxg6 hxg6 12. c4 Be7 13. Be3 Nd7 14. cxd5 Nxe5 15. Nxe5 Qxe5 16. Nf3 Qxd5 17. Rfd1 Qh5 18. Qa4+ Qb5 19. Qxb5+ axb5 20. Rac1 Bd7 21. Rc7 Bc6 22. Ne5 Bd5 23. Rxd5 exd5 24. Rxb7 Bf6 25. Nxf7 O-O 26. Nd6 Rxa2 27. g3 d4 28. Bf4 g5 29. Bd2 Rxb2 30. Ba5 Ra8 31. Bb6 d3 32. Ne4 d2 33. Rd7 Ra1+ 34. Kg2 d1=Q 0-1


[Site "https://www.chess.com"]

[Event "Titled Tuesday Blitz March 01 Late 2022"]
[White "Kostiukov, Alexandr"]
[Black "Song, Guannan Terry"]
[WhiteFideId "14108100"]
[BlackFideId "2614189"]
[WhiteElo "2202"]
[BlackElo "2115"]
[Result "1-0"]
[Round "05"]
[TimeControl "180+1"]
[Date "2022.03.02"]
[WhiteClock "0:00:13"]
[BlackClock "0:00:43"]

1. g3 h5 2. h4 b6 3. Bg2 Nc6 4. Nf3 Bb7 5. O-O g6 6. d4 Bg7 7. c4 e6 8. d5 Nce7 9. Nc3 exd5 10. cxd5 d6 11. e4 Nf6 12. Be3 Ng4 13. Bd4 Ne5 14. Nxe5 dxe5 15. Be3 O-O 16. Qb3 Kh7 17. Rfd1 Nc8 18. a4 a5 19. Rac1 Nd6 20. Nb5 Nxb5 21. Qxb5 f5 22. Bg5 Qd6 23. Rc2 Rf7 24. exf5 gxf5 25. Qe2 Qg6 26. Rdc1 Ba6 27. Qd1 Rc8 28. Rc6 Bf6 29. Bxf6 Rxf6 30. Rxc7+ Rxc7 31. Rxc7+ Rf7 32. d6 Rxc7 33. dxc7 Bc8 34. Qd8 Qe6 35. Bd5 Qg8 36. Qxg8+ Kh6 37. Qxc8 f4 38. Qe6+ Kg7 39. Qf7+ Kh6 40. c8=Q fxg3 41. Qce6# 1-0


[Site "https://www.chess.com"]

[Event "Titled Tuesday Blitz March 01 Late 2022"]
[White "Koutlas, Nikolaos"]
[Black "Bellissimo, Joseph F."]
[WhiteFideId "25827138"]
[BlackFideId "2609843"]
[WhiteElo "1610"]
[BlackElo "2061"]
[Result "0-1"]
[Round "05"]
[TimeControl "180+1"]
[Date "2022.03.02"]
[WhiteClock "0:00:50"]
[BlackClock "0:00:57"]

1. c4 e5 2. Nc3 Nf6 3. g3 d5 4. cxd5 Nxd5 5. Bg2 Nb6 6. Nf3 Nc6 7. O-O Be7 8. b3 O-O 9. Bb2 f6 10. Rc1 Be6 11. d4 Qe8 12. d5 Rd8 13. e4 Bg4 14. h3 Bxf3 15. Qxf3 Nd4 16. Qe3 Bc5 17. Ne2 Nxe2+ 18. Qxe2 Qe7 19. a4 Nc8 20. h4 b6 21. Bh3 Nd6 22. Be6+ Kh8 23. g4 f5 24. exf5 Qxh4 25. Kg2 Qg5 26. f4 exf4 27. Rh1 Nxf5 28. Rh5 f3+ 29. Qxf3 Nh4+ 30. Kh1 Nxf3 31. Rxg5 Nxg5 32. b4 Nxe6 33. dxe6 Bd6 34. e7 Bxe7 35. Rxc7 Bf6 0-1


[Site "https://www.chess.com"]

[Event "Titled Tuesday Blitz March 01 Late 2022"]
[White "Kovanova, Baira"]
[Black "Curtis, John"]
[WhiteFideId "4164083"]
[BlackFideId "3200256"]
[WhiteElo "2190"]
[BlackElo "2203"]
[Result "1/2-1/2"]
[Round "05"]
[TimeControl "180+1"]
[Date "2022.03.02"]
[WhiteClock "0:00:40"]
[BlackClock "0:00:14"]

1. e4 e5 2. Nf3 Nc6 3. Bb5 a6 4. Ba4 Nf6 5. O-O b5 6. Bb3 Be7 7. d3 O-O 8. h3 d6 9. c3 Na5 10. Bc2 c5 11. Re1 Qc7 12. Nbd2 Nc6 13. Nf1 Bd7 14. Ng3 a5 15. Nf5 Bxf5 16. exf5 h6 17. d4 cxd4 18. cxd4 Nxd4 19. Nxd4 exd4 20. Bf4 Rfe8 21. Rc1 Qb6 22. Qf3 Bf8 23. Bd3 Rxe1+ 24. Rxe1 Re8 25. Rxe8 Nxe8 26. Qd5 b4 27. Bc4 Qc7 28. Qxd4 Nf6 29. Bb3 Qc6 30. Bxh6 d5 31. Bg5 Bc5 32. Qd3 Bxf2+ 33. Kxf2 Ne4+ 34. Kg1 Nxg5 35. Qxd5 Qc1+ 36. Qd1 Qe3+ 37. Kh1 Ne4 38. Qd8+ Kh7 39. Qh4+ Kg8 40. Qd8+ Kh7 1/2-1/2


[Site "https://www.chess.com"]

[Event "Titled Tuesday Blitz March 01 Late 2022"]
[White "Krishnan, Varun"]
[Black "Albornoz Cabrera, Carlos Daniel"]
[WhiteFideId "5054508"]
[BlackFideId "3518736"]
[WhiteElo "2611"]
[BlackElo "2490"]
[Result "1-0"]
[Round "05"]
[TimeControl "180+1"]
[Date "2022.03.01"]
[WhiteClock "0:00:05"]
[BlackClock "0:00:09"]

1. e4 e6 2. d4 d5 3. Nc3 Nf6 4. e5 Nfd7 5. f4 c5 6. Nf3 Nc6 7. Be3 Qb6 8. Na4 Qa5+ 9. c3 cxd4 10. b4 Qc7 11. Nxd4 a6 12. Rc1 Nxd4 13. Bxd4 b5 14. Nb2 Bb7 15. Bd3 Nb6 16. O-O Nc4 17. Rf2 g6 18. a4 Be7 19. a5 Rc8 20. Ra1 Bh4 21. g3 Be7 22. Qf3 O-O 23. Nd1 f5 24. h4 h5 25. Re2 Qd7 26. Nf2 Rc7 27. Nh3 Rfc8 28. Ng5 Rc6 29. Kg2 Bd8 30. Rh1 Ba8 31. Kf2 Bc7 32. Qg2 Bb8 33. g4 hxg4 34. h5 Qg7 35. hxg6 Qxg6 36. Qh2 Qg7 37. Nxe6 Rxe6 38. Bxf5 Rcc6 39. Bxe6+ Rxe6 40. f5 Rxe5 41. Bxe5 Bxe5 42. Qh5 g3+ 43. Kf1 Ne3+ 44. Kg1 Bc6 45. Rxe3 d4 46. Rxe5 Qxe5 47. Qh7+ Kf8 48. Qh8+ Qxh8 49. Rxh8+ Kg7 50. Rc8 Be4 51. Rc7+ Kf6 52. cxd4 Kxf5 53. Ra7 Kf4 54. Rxa6 Ke3 55. Rb6 Kxd4 56. Rxb5 Kc4 57. Rb8 Bd5 58. a6 Kb3 59. a7 g2 60. a8=Q Bc4 61. Qf3+ Ka4 62. Qe4 Bb5 63. Qc2+ Ka3 64. Ra8+ Ba4 65. Rxa4# 1-0


[Site "https://www.chess.com"]

[Event "Titled Tuesday Blitz March 01 Late 2022"]
[White "Landaw, Julian"]
[Black "Derraugh, Geordie"]
[WhiteFideId "2023342"]
[BlackFideId "2603950"]
[WhiteElo "2312"]
[BlackElo "2116"]
[Result "1-0"]
[Round "05"]
[TimeControl "180+1"]
[Date "2022.03.02"]
[WhiteClock "0:00:20"]
[BlackClock "0:00:04"]

1. e4 c5 2. Nc3 g6 3. g3 Bg7 4. Bg2 d6 5. d3 Nh6 6. Bg5 f6 7. Be3 O-O 8. h3 Nc6 9. Qd2 Nf7 10. f4 Rb8 11. Nge2 b5 12. d4 b4 13. Na4 Qa5 14. b3 cxd4 15. Nxd4 Nxd4 16. Bxd4 e5 17. Bb2 Bd7 18. a3 Bxa4 19. axb4 Qxb4 20. Rxa4 Qc5 21. Qf2 Rfc8 22. Qxc5 Rxc5 23. Kd2 Bh6 24. Rf1 Rbc8 25. c4 Rb8 26. Kc2 Rb7 27. fxe5 fxe5 28. Bf3 Ng5 29. Ba3 Rc6 30. Bg4 Bf8 31. h4 Nxe4 32. Be6+ Kg7 33. Bd5 Nxg3 34. Bxc6 Rc7 35. Rxf8 Kxf8 36. Bxd6+ 1-0


[Site "https://www.chess.com"]

[Event "Titled Tuesday Blitz March 01 Late 2022"]
[White "Leenhouts, Koen"]
[Black "Dronavalli, Harika"]
[WhiteFideId "1008439"]
[BlackFideId "5015197"]
[WhiteElo "2409"]
[BlackElo "2382"]
[Result "0-1"]
[Round "05"]
[TimeControl "180+1"]
[Date "2022.03.02"]
[WhiteClock "0:00:15"]
[BlackClock "0:00:23"]

1. d4 Nf6 2. c4 e6 3. g3 d5 4. Nf3 Bb4+ 5. Nbd2 O-O 6. Bg2 dxc4 7. O-O b5 8. a4 c6 9. axb5 cxb5 10. Ne5 Nd5 11. e4 Ne7 12. d5 exd5 13. exd5 Bb7 14. d6 Bxg2 15. dxe7 Qxe7 16. Kxg2 Qxe5 17. Qf3 Nd7 18. Ne4 Nc5 19. Ng5 Ne6 20. Nxe6 Qxe6 21. Be3 a5 22. Rfd1 c3 23. bxc3 Bxc3 24. Bc5 Bxa1 25. Bxf8 Rxf8 26. Rxa1 a4 27. Qb7 Qb3 28. h4 a3 29. h5 h6 30. Qe7 b4 31. g4 Qd5+ 32. Kh2 Qd4 33. Ra2 Qxg4 34. f3 Qxh5+ 35. Kg2 Qg6+ 36. Kf2 Qe6 37. Qxb4 Qxa2+ 0-1


[Site "https://www.chess.com"]

[Event "Titled Tuesday Blitz March 01 Late 2022"]
[White "Leiva, Gianmarco"]
[Black "Corrales Jimenez, Fidel"]
[WhiteFideId "3804399"]
[BlackFideId "3506690"]
[WhiteElo "2328"]
[BlackElo "2541"]
[Result "0-1"]
[Round "05"]
[TimeControl "180+1"]
[Date "2022.03.01"]
[WhiteClock "0:00:09"]
[BlackClock "0:00:23"]

1. e4 c5 2. Nf3 d6 3. Bb5+ Bd7 4. Bxd7+ Qxd7 5. c4 Nf6 6. Nc3 Nc6 7. d4 cxd4 8. Nxd4 g6 9. f3 Bg7 10. Be3 O-O 11. O-O e6 12. Qd2 a6 13. Rac1 Rac8 14. Nde2 Qc7 15. Rfd1 Ne5 16. b3 Rfd8 17. Na4 Qe7 18. Nb6 Rb8 19. a4 Nc6 20. Nd4 Nxd4 21. Bxd4 h5 22. Rc3 h4 23. Rd3 h3 24. g3 Ne8 25. Bxg7 Kxg7 26. c5 d5 27. Qc3+ d4 28. Rxd4 Rxd4 29. Qxd4+ Kg8 30. f4 Nf6 31. e5 Ng4 32. Qd6 Qe8 33. Qd7 Qf8 34. Qd6 Qe8 35. Nd7 Rc8 36. Nf6+ Nxf6 37. exf6 a5 38. Qe7 Qc6 39. Rd8+ Rxd8 40. Qxd8+ Kh7 41. Kf2 Qxc5+ 42. Kf3 Qh5+ 43. Ke3 g5 44. Qe7 gxf4+ 45. Kxf4 Qf5+ 46. Ke3 Kg6 47. Qxb7 Kxf6 48. Qb5 Qxb5 49. axb5 Ke5 50. g4 Kd5 51. Kf4 Kc5 52. Kg3 Kxb5 53. Kxh3 Kb4 54. Kg3 Kxb3 55. h4 a4 56. h5 a3 57. h6 a2 58. h7 a1=Q 59. h8=Q Qxh8 0-1


[Site "https://www.chess.com"]

[Event "Titled Tuesday Blitz March 01 Late 2022"]
[White "Lopez Perdomo, Juan David"]
[Black "Martins, Carlos"]
[WhiteFideId "4405137"]
[BlackFideId "2101688"]
[WhiteElo "1997"]
[BlackElo "2183"]
[Result "0-1"]
[Round "05"]
[TimeControl "180+1"]
[Date "2022.03.02"]
[WhiteClock "0:00:03"]
[BlackClock "0:00:46"]

1. e4 c5 2. d4 cxd4 3. c3 dxc3 4. Nxc3 Nc6 5. Nf3 e6 6. Bc4 a6 7. O-O Nge7 8. Bg5 h6 9. Bh4 g5 10. Bg3 Bg7 11. Nd5 exd5 12. exd5 Na5 13. Be2 b5 14. Rc1 d6 15. Nd4 O-O 16. Bh5 Bb7 17. Nc6 Naxc6 18. dxc6 Nxc6 19. Bxd6 Re8 20. Qd5 Re6 21. Rfd1 Na5 22. Qd2 Nc4 23. Rxc4 bxc4 24. Qb4 Qc8 25. Bg3 Be4 26. Bg4 f5 27. Be2 Bd3 28. Bf3 Ra7 29. Bd6 Rd7 30. Bd5 Kf7 31. Re1 Be4 32. Bxc4 Rxd6 0-1


[Site "https://www.chess.com"]

[Event "Titled Tuesday Blitz March 01 Late 2022"]
[White "Mardov, Dimitar"]
[Black "Estrada Nieto, Julian"]
[WhiteFideId "30919495"]
[BlackFideId "5101018"]
[WhiteElo "2185"]
[BlackElo "2246"]
[Result "1-0"]
[Round "05"]
[TimeControl "180+1"]
[Date "2022.03.02"]
[WhiteClock "0:00:23"]
[BlackClock "0:00:01"]

1. e4 e5 2. Nf3 Nc6 3. Bb5 a6 4. Ba4 Nf6 5. O-O Be7 6. d3 d6 7. h3 O-O 8. Nc3 b5 9. Bb3 Na5 10. Bg5 Nxb3 11. axb3 Bb7 12. Re1 h6 13. Bxf6 Bxf6 14. b4 g6 15. Nd2 Bg7 16. Nb3 c6 17. Na5 Qb6 18. Nxb7 Qxb7 19. Qg4 d5 20. Qf3 d4 21. Ne2 Rad8 22. Nc1 Rfe8 23. Nb3 Bf8 24. c3 dxc3 25. bxc3 Qb6 26. Qe3 Qxe3 27. Rxe3 Ra8 28. Re2 Red8 29. Rd2 f5 30. f3 Kf7 31. Kf1 h5 32. Ke2 Ke6 33. Rda2 Rdc8 34. Rxa6 Rxa6 35. Rxa6 Kf6 36. Na5 Kg5 37. Nxc6 Kf4 38. Kf2 h4 39. Rb6 Ra8 40. Na5 Rc8 41. c4 Bxb4 42. Rxb5 Bc5+ 43. Ke2 Kg3 44. Nb3 Bg1 45. Kf1 Be3 46. c5 Ra8 47. c6 Ra2 48. c7 Rc2 49. Nc5 Bxc5 50. c8=Q Rf2+ 51. Ke1 Be3 52. Qg8 Bd2+ 53. Kd1 1-0


[Site "https://www.chess.com"]

[Event "Titled Tuesday Blitz March 01 Late 2022"]
[White "Martinez Alcantara, Jose Eduardo"]
[Black "Babazada, Khazar"]
[WhiteFideId "3805662"]
[BlackFideId "13413554"]
[WhiteElo "2690"]
[BlackElo "2418"]
[Result "0-1"]
[Round "05"]
[TimeControl "180+1"]
[Date "2022.03.01"]
[WhiteClock "0:00:05"]
[BlackClock "0:00:08"]

1. e4 Nf6 2. e5 Nd5 3. d4 d6 4. Nf3 Nb6 5. Be2 g6 6. O-O Bg7 7. exd6 cxd6 8. a4 a5 9. Nc3 O-O 10. Nb5 Nc6 11. c3 Be6 12. Re1 h6 13. Bf4 Qd7 14. h3 Rae8 15. Qd2 Kh7 16. Bd3 Bf5 17. Bg3 Bxd3 18. Qxd3 d5 19. b3 Qf5 20. Qd2 Nc8 21. Re2 Qd7 22. Rae1 e6 23. Qd3 N8e7 24. Bd6 Rc8 25. Bh2 Rcd8 26. g4 Kg8 27. Bg3 Nc8 28. Kg2 Rfe8 29. Bc7 Bf8 30. Ne5 Nxe5 31. dxe5 g5 32. Rf1 Ne7 33. Bxd8 Qxd8 34. f4 gxf4 35. Rxf4 Ng6 36. Rf1 Qg5 37. Qe3 Bg7 38. c4 dxc4 39. bxc4 Bxe5 40. Qxg5 hxg5 41. Rd2 Rc8 42. Rc2 Kg7 43. Rd1 Rh8 44. Rd7 Nf4+ 45. Kf1 Rxh3 46. Ke1 b6 47. c5 bxc5 48. Kd1 Nd3 49. Ke2 Nf4+ 50. Kd1 Rh1+ 51. Kd2 Nd5 52. Rxc5 Bf4+ 53. Ke2 Rh2+ 54. Ke1 Ne3 55. Rxg5+ Bxg5 56. Nd4 Bh4# 0-1


[Site "https://www.chess.com"]

[Event "Titled Tuesday Blitz March 01 Late 2022"]
[White "Maze, Sebastien"]
[Black "Song, Michael"]
[WhiteFideId "613762"]
[BlackFideId "2613190"]
[WhiteElo "2462"]
[BlackElo "2274"]
[Result "1-0"]
[Round "05"]
[TimeControl "180+1"]
[Date "2022.03.02"]
[WhiteClock "0:00:37"]
[BlackClock "0:00:55"]

1. e4 e5 2. Nf3 Nc6 3. Bb5 Nf6 4. Nc3 Bb4 5. O-O O-O 6. d3 d6 7. Ne2 Ne7 8. c3 Ba5 9. Ng3 c6 10. Ba4 Ng6 11. h3 Re8 12. Be3 Bb6 13. Re1 d5 14. Bg5 h6 15. Bxf6 gxf6 16. Nh2 Nf4 17. Ng4 Kg7 18. Ne3 Bxe3 19. fxe3 Ng6 20. exd5 f5 21. dxc6 b5 22. Bxb5 Qb6 23. Ba4 f4 24. Nh5+ Kh8 25. Qb3 f3 26. Qxb6 axb6 27. Bb5 fxg2 28. Kxg2 Be6 29. a4 Rec8 30. Kh2 Bd5 31. Rf1 Ra7 32. Rf6 1-0


[Site "https://www.chess.com"]